 Dungeon Crawl Stone Soup version 0.27-a0-1378-gdefffd1ff6 (webtiles) character file.

Game seed: 107608377276450615

8586 quinnr the Carver (level 11, -1/71 (92) HPs)
             Began as a Palentonga Fighter on June 30, 2021.
             Was a Priest of Wu Jian.
             Slain by a wight (6 damage)
             ... on level 8 of the Dungeon.
             The game lasted 00:26:52 (12263 turns).

quinnr the Carver (Palentonga Fighter)             Turns: 12263, Time: 00:26:53

HP:   -1/71 (92)    AC: 23    Str: 35    XL:     11   Next: 11%
MP:   11/11         EV:  6    Int:  9    God:    Wu Jian [***...]
Gold: 292           SH:  0    Dex:  9    Spells: 9/10 levels left

rFire    . . .     SeeInvis +   o - +2 great sword (freeze)
rCold    . . .     Faith    .   (shield currently unavailable)
rNeg     . . .     Spirit   .   L - +0 plate armour
rPois    .         Reflect  .   (no helmet)
rElec    .         Harm     .   z - +1 cloak
rCorr    .         Rampage  .   F - +2 pair of gloves {Stlth+}
Will     .....                  (no barding)
Stlth    ..........             (no amulet)
HPRegen  0.21/turn              j - +6 ring of strength
MPRegen  0.12/turn              H - +6 ring of strength

@: mighty, attractive, hasted, heavily drained, curled up, very quick
A: large, rugged brown scales 3, see invisible, deformed body, roll 1, armoured
tail, reflexive curl
a: Rolling Charge, Renounce Religion, Wall Jump, Serpent's Lash


You were on level 8 of the Dungeon.
You worshipped Wu Jian.
Wu Jian was most pleased with you.
You visited 2 branches of the dungeon, and saw 13 of its levels.

You collected 476 gold pieces.
You spent 184 gold pieces at shops.

Inventory:

Hand Weapons
 a - a +1 long sword
 k - a +0 great sword
 o - a +2 great sword of freezing (weapon)
Missiles
 q - a throwing net
 u - 8 silver javelins
 v - 46 poisoned darts
Armour
 b - a +0 scale mail
 c - a +0 kite shield
 y - the +0 scale mail of Gluttony {Rampage Str-4 Int+5 Stlth+}
   (You found it on level 5 of the Dungeon)

   Str:       It affects your strength (-4).
   Int:       It affects your intelligence (+5).
   Rampage:   It bestows one free step when moving towards enemies.
   Stlth:     It makes you more stealthy.
 z - a +1 cloak (worn)
 B - a +0 buckler
 F - a +2 pair of gloves of stealth (worn)
 J - a +0 leather armour of fire resistance
 L - a +0 plate armour (worn)
Jewellery
 d - a ring of magical power
 j - a +6 ring of strength (left hand)
 A - a ring of fire
 D - a ring of ice
 H - a +6 ring of strength (right hand)
Wands
 s - a wand of iceblast (2)
Scrolls
 f - 2 scrolls of enchant weapon
 g - 5 scrolls of amnesia
 i - a scroll of immolation
 l - 2 scrolls of teleportation
 m - a scroll of enchant armour
 t - a scroll of brand weapon {unknown}
 x - a scroll of noise {unknown}
 G - 2 scrolls of holy word
 K - a scroll of summoning {unknown}
Potions
 h - a potion of curing
 n - a potion of mutation {unknown}
 r - 2 potions of resistance
 w - a potion of invisibility
 C - a potion of ambrosia
 E - a potion of brilliance {unknown}


   Skills:
 - Level 8.0 Fighting
 - Level 11.0 Long Blades
 - Level 4.0 Throwing
 + Level 7.2 Armour
 - Level 4.0 Shields
 - Level 4.0 Evocations


You had 9 spell levels left.
You knew the following spells:

 Your Spells              Type           Power      Damage    Failure   Level
a - Corona                Hex            0%         N/A       95%         1

Your spell library contained the following spells:

 Spells                   Type           Power      Damage    Failure   Level
 Animate Skeleton         Necr           0%         N/A       95%         1
 Apportation              Tloc           0%         N/A       95%         1
 Summon Small Mammal      Summ           0%         N/A       95%         1


Dungeon Overview and Level Annotations

Branches:
Dungeon (12/15)            Temple (1/1) D:4            Lair (0/6) D:9
    Orc: D:9-12

Altars:
Ashenzari
Dithmenos
Fedhas
Hepliaklqana
Kikubaaqudgha
Makhleb
Nemelex Xobeh
Okawaru
Qazlal
Sif Muna
Trog
Vehumet
Wu Jian
Xom
Zin
The Shining One

Shops:
D:5 *

Annotations:
D:1 !Wand of Digging
D:5 1 runed translucent door, Crazy Yiuf
D:9 1 runed translucent door
D:11 exclusion: two-headed ogre, Nergalle, Snorg


Innate Abilities, Weirdness & Mutations

You are completely covered in rugged brown scales. (AC +3, +7% HP)
You have supernaturally acute eyesight. (SInv)
Armour fits poorly on your strangely shaped body.
You can roll at nearby foes to attack.
You have a long armoured tail.
You curl defensively after being hit.


Message History

Unknown command.
It was a potion of attraction.
You feel attractive to monsters.
The wight hits you from afar with a +5 halberd.
* * * LOW HITPOINT WARNING * * *
You feel drained. The wight barely misses you.
The wight hits you but does no damage. The wight is pulled toward you!
Unknown command.
It was a potion of heal wounds.
You feel much better. The wight hits you with a +5 halberd!
* * * LOW HITPOINT WARNING * * *
The wight barely misses you. The wight hits you but does no damage.
You spin and attack the wight.
You barely miss the wight. The wight hits you with a +5 halberd!
* * * LOW HITPOINT WARNING * * *
Unknown command.
The wight hits you from afar with a +5 halberd.
* * * LOW HITPOINT WARNING * * *
Okay, then.
You feel much better.
The wight hits you from afar with a +5 halberd.
* * * LOW HITPOINT WARNING * * *
You feel drained. The wight closely misses you.
The wight hits you but does no damage.
Unknown command.
The wight hits you from afar with a +5 halberd.
* * * LOW HITPOINT WARNING * * *
You feel drained.
Unknown command.
You feel very mighty all of a sudden.
The wight hits you with a +2 scimitar of protection.
* * * LOW HITPOINT WARNING * * *
You feel drained. The wight hits you but does no damage.
You feel yourself speed up.
The wight hits you with a +2 scimitar of protection!
* * * LOW HITPOINT WARNING * * *
You feel drained.
* * * LOW HITPOINT WARNING * * *
The wight hits you from afar with a +5 halberd.
You die...

#####
##...##
##.....##
#......z####
#......zz@.#
#....[..##.#
##..)>.##
... ##.$.##
..... ##.##
####.# #.# #
#.. ?.. ##.


You could see 3 wights.

Vanquished Creatures
  A two-headed ogre (D:9)
  Pikel (D:4)
  A manticore (D:11)
  A cyclops (D:6)
  A gargoyle (D:10)
  A troll (D:11)
  A hornet (D:10)
  Prince Ribbit (D:6)
  Sigmund (D:3)
  A wraith (D:9)
  9 yaks
  A wyvern (D:9)
  Edmund (D:4)
  Menkaure (D:7)
  3 wargs (D:9)
  An ice beast (D:3)
  3 orc warriors
  A sky beast (D:5)
  A black bear (D:4)
  A necrophage (D:4)
  3 centaurs
  3 ogres
  A phantom (D:5)
  2 lemures (D:4)
  2 bullfrogs (D:6)
  3 scorpions
  A water moccasin zombie (D:5)
  8 killer bees
  9 wights
  3 centaur zombies
  6 hounds
  2 bullfrog skeletons
  2 centaur skeletons (D:5)
  An orc priest (D:10)
  2 iguanas
  10 orc wizards
  Terence (D:2)
  2 howler monkey zombies
  A gnoll (D:4)
  3 adders
  A shadow imp (D:6)
  A white imp (D:7)
  3 ufetubi
  3 adder skeletons (D:4)
  A worm (D:2)
  34 orcs
  2 ball pythons (D:4)
  10 endoplasms
  6 giant cockroaches
  10 goblins
  14 hobgoblins
  6 jackals
  5 quokkas
  2 bats
  5 frilled lizards
  6 kobolds
  2 rats (D:3)
208 creatures vanquished.

Vanquished Creatures (others)
  A fungus (D:5)
  20 plants
21 creatures vanquished.

Grand Total: 229 creatures vanquished

Notes
Turn   | Place    | Note
-------+----------+-------------------------------------------
     0 | D:1      | quinnr the Palentonga Fighter began the quest for the Orb.
     0 | D:1      | Reached XP level 1. HP: 19/19 MP: 1/1
   187 | D:1      | Reached XP level 2. HP: 25/25 MP: 2/2
   187 | D:1      | quinnr: ??note
   187 | D:1      | beem: note ~ nome[1/1]:
                  | http://s-z.org/neil/git/?p=crawl.git;a=shortlog;h=refs/head
                  | s/nomes
   187 | D:1      | quinnr: ??annotate
   187 | D:1      | beem: I don't have a page labeled annotate in my learndb.
   187 | D:1      | quinnr: ??!
   187 | D:1      | beem: ]![1/3]: ! adds an annotation to your current floor.
                  | ! (glyph) represents a potion. See ![2] for !'s on hit.
   187 | D:1      | quinnr: ??![2]
   187 | D:1      | beem: ]![2/3]: If you hit something and the message ends
                  | with !, that means you did 7-17 damage. !!: 18-35. !!!:
                  | 36-71. !!!!: 72-143. !!!!!: 144-287. !!!!!!: 288+; and so
                  | on. Yikes!
   187 | D:1      | quinnr: ??![3]
   187 | D:1      | beem: ]![3/3]: http://i.imgur.com/BO7tU.gif
   342 | D:1      | Reached skill level 3 in Long Blades
   787 | D:2      | Noticed Terence
   801 | D:2      | Killed Terence
   802 | D:2      | Reached XP level 3. HP: 8/31 MP: 3/3
  1255 | D:2      | Reached skill level 4 in Long Blades
  1655 | D:3      | Noticed Sigmund
  1660 | D:3      | Killed Sigmund
  1661 | D:3      | Reached skill level 6 in Long Blades
  1661 | D:3      | Reached XP level 4. HP: 25/37 MP: 4/4
  1661 | D:3      | Reached XP level 5. HP: 29/43 MP: 5/5
  2122 | D:3      | Noticed an ice beast
  2130 | D:3      | Killed an ice beast
  2131 | D:3      | Reached XP level 6. HP: 43/50 MP: 6/6
  2622 | D:4      | Reached skill level 7 in Long Blades
  2886 | D:4      | Found a staircase to the Ecumenical Temple.
  2897 | Temple   | Entered the Ecumenical Temple
  2960 | Temple   | Became a worshipper of the Wu Jian Council
  3258 | D:4      | Found a shimmering blue altar of Sif Muna.
  3272 | D:4      | Noticed Edmund
  3295 | D:4      | Gained mutation: You curl defensively after being hit.
                  | [Palentonga growth]
  3295 | D:4      | Reached XP level 7. HP: 45/55 MP: 7/7
  3318 | D:4      | Killed Edmund
  3319 | D:4      | Reached skill level 8 in Long Blades
  3625 | D:4      | Noticed Pikel
  3795 | D:4      | Killed Pikel
  3796 | D:4      | Reached skill level 1 in Throwing
  3796 | D:4      | Reached skill level 1 in Evocations
  3796 | D:4      | Reached XP level 8. HP: 25/64 MP: 8/8
  3999 | D:4      | Identified the +4 dagger of Imbalance {vorpal, rPois Str+2
                  | Dex+2 Stlth+}
  4650 | D:4      | quinnr: ??Palentonga
  4650 | D:4      | beem: palentonga[1/3]: A species that can charge nearby
                  | enemies for up to DOUBLE DAMAGE (see palentonga[2]). They
                  | also have a tail {aux attack}, rugged brown scales (AC+3,
                  | +7% HP), and SInv. At XL 7 they curl defensively after
                  | being hit, temporarily getting a 7 AC bonus. Large with a
                  | medium torso, having {deformed body} but can wear barding,
                  | like naga.
  4650 | D:4      | quinnr: ??Palentonga[2
  4650 | D:4      | beem: palentonga[2/3]: Their rolling charge does +33%
                  | damage for each square rolled, up to double damage. It
                  | avoids effects from terrain like shallow water, clouds, and
                  | traps except at the destination. Is as loud as the loudest
                  | melee attack (noise 12), so you might wake some things up!
  4650 | D:4      | quinnr: ??Palentonga[3
  4650 | D:4      | beem: palentonga[3/3]: Added in 0.26, where it replaced the
                  | centaur species; see {centaur[2]}.
  4650 | D:4      | quinnr: ??centaur[2
  4650 | D:4      | beem: centaur[2/10]: Prior to 0.26, was a player race
                  | (abbreviated Ce) second only to spriggans in speed. Had
                  | {deformed body} but could wear centaur barding to gain
                  | additional AC. Generally poor apts, with the exception of
                  | {longbows}, but had {robust} and was one of the very
                  | strongest species overall. Replaced with {palentonga}.
  4739 | D:5      | Entered Level 5 of the Dungeon
  4977 | D:5      | Identified the +0 scale mail of Gluttony {Rampage Str-4
                  | Int+5 Stlth+}
  4979 | D:5      | quinnr: ??rampage
  4979 | D:5      | beem: rampaging[1/1]: Boot ego that causes the user to
                  | automatically take an extra step (with no time cost) when
                  | they walk towards an enemy. Can also appear on randart
                  | armour in other slots. Does not stack with {Wu Jian}
                  | martial moves. Added in 0.26.
  5374 | D:5      | Found Ughe's Assorted Antiques.
  5396 | D:5      | Bought a scroll of identify for 46 gold pieces
  5396 | D:5      | Bought a tourmaline ring for 115 gold pieces
  5485 | D:5      | Reached * piety under Wu Jian
  5589 | D:5      | Reached XP level 9. HP: 55/69 MP: 9/9
  6201 | D:5      | Found a runed translucent door.
  6202 | D:5      | Noticed Crazy Yiuf
  6318 | D:6      | Noticed Prince Ribbit
  6331 | D:6      | Killed Prince Ribbit
  6540 | D:5      | Bought a scroll labelled QOUNKUMERE for 23 gold pieces
  6846 | D:6      | Noticed a cyclops
  6849 | D:6      | Learned a level 1 spell: Corona
  6854 | D:6      | Killed a cyclops
  6855 | D:6      | Reached skill level 5 in Fighting
  6855 | D:6      | Reached skill level 9 in Long Blades
  7392 | D:6      | You fall into a shaft and drop 1 floor!
  7830 | D:6      | Reached skill level 10 in Long Blades
  8010 | D:7      | Noticed Menkaure
  8292 | D:7      | Killed Menkaure
  8572 | D:7      | You fall into a shaft and drop 3 floors!
  8572 | D:10     | Entered Level 10 of the Dungeon
  8922 | D:10     | Reached XP level 10. HP: 81/81 MP: 10/10
  8969 | D:10     | Reached skill level 11 in Long Blades
  9327 | D:10     | Reached ** piety under Wu Jian
  9327 | D:10     | Noticed a gargoyle
  9330 | D:10     | Killed a gargoyle
  9382 | D:10     | You fall into a shaft and drop 2 floors!
  9418 | D:11     | Noticed Nergalle
  9577 | D:11     | Noticed a manticore
  9586 | D:11     | Killed a manticore
  9817 | D:11     | Noticed a two-headed ogre
  9821 | D:11     | Noticed Snorg
  9862 | D:11     | Reached skill level 5 in Armour
 10089 | D:9      | Noticed a boulder beetle
 10090 | D:9      | Noticed a five-headed hydra
 10094 | D:9      | Found a runed translucent door.
 11391 | D:9      | Found a staircase to the Lair.
 11413 | D:10     | Reached XP level 11. HP: 14/92 MP: 11/11
 11416 | D:10     | HP: 9/92 [poisoned by an orc]
 11761 | D:9      | Reached *** piety under Wu Jian
 12037 | D:9      | Noticed a two-headed ogre
 12046 | D:9      | Killed a two-headed ogre
 12254 | D:8      | HP: 6/80 [wight (13)]
 12259 | D:8      | HP: 2/76 [wight (2)]
 12263 | D:8      | Slain by a wight

Illustrated notes

Levels and vault maps discovered:
D:1:      lightli_arrival_isolated_outpost, layout_basic, due_unseen_surprise
D:2:      cheibrodos_greedy_goblins, layout_rooms, minmay_tree_intersection,
          uniq_terence
D:3:      layout_loops_ring, minmay_misc_feat_rugged, serial_bayou_lagoon_a,
          chequers_decorated_corner, uniq_sigmund
D:4:      minmay_clustersquares, layout_cave_pods, old_standard_altar,
          minmay_temple_entry_crystal_x, corexii_corridor_pit, uniq_edmund,
          uniq_pikel
D:5:      layout_gridville, serial_shops, nicolae_shop_behind_doors,
          uniq_crazy_yiuf_cottage
D:6:      layout_basic, grunt_decor_mini_mirrors, kennysheep_generic_room_16,
          uniq_prince_ribbit1
D:7:      layout_gridville, uniq_menkaure
D:8:      layout_loops_ring, serial_shops, shop
D:9:      layout_grid_maze, erik_lair_orcish_takeover, minmay_st_funbox
D:10:     layout_basic, patterned_corridor
D:11:     layout_cave_pools, hiddenorc1_lemuel, serial_column_ruins,
          column_ruins_open_large, column_ruins_open_small,
          column_ruins_columns_water, column_ruins_open_tiny,
          column_ruins_columns_straight, minivault_19, uniq_nergalle,
          uniq_maurice, uniq_snorg
D:12:     layout_loops_cross, gammafunk_ghost_grave, led_sif_book
Temple:   dpeg_three_leaves_temple

Skill      XL: |  1  2  3  4  5  6  7  8  9 10 11 |
---------------+----------------------------------+-----
Long Blades    | 3 6 7 8 10 11 | 11.0
Throwing       | 1 2 3 4 |  4.0
Armour         | 3 4 6 7 |  7.2
Shields        | 3 4 |  4.0
Evocations     | 1 3 4 |  4.0
Fighting       | 4 6 8 |  8.0

Action                   |  1- 3 |  4- 6 |  7- 9 | 10-12 || total
-------------------------+-------+-------+-------+-------++-------
Melee: Long sword        |    92 |   121 |   180 |       ||   393
       Tailslap          |    11 |    18 |    40 |    31 ||   100
       Great sword       |       |       |    68 |   158 ||   226
Throw: Dart              |       |       |     1 |       ||     1
Invok: Lunge             |       |     1 |       |       ||     1
       Whirlwind         |       |       |    25 |    27 ||    52
 Abil: Rolling Charge    |    18 |    13 |    36 |    19 ||    86
       Wall Jump         |       |       |       |     1 ||     1
Evoke: Wand              |       |       |     3 |     3 ||     6
  Use: Scroll            |       |     2 |    14 |       ||    16
       Potion            |       |       |     3 |     6 ||     9
 Stab: Sleeping          |       |       |       |     1 ||     1
Armor: Scale mail        |    32 |    53 |    99 |    57 ||   241
       Plate armour      |       |       |       |    40 ||    40
Dodge: Dodged            |    23 |    27 |    59 |    53 ||   162
Block: Kite shield       |    37 |    51 |    63 |       ||   151
       Buckler           |       |       |     8 |       ||     8
       Rpst.: Long sword |    10 |     8 |     7 |       ||    25
       Great sword       |       |       |    10 |    14 ||    24

Table legend: (Time is in decaauts)
 A = Elapsed time spent in this place.
 B = Non-inter-level travel time spent in this place.
 C = Inter-level travel time spent in this place.
 D = Time resting spent in this place.
 E = Time spent auto-exploring this place.
 F = Levels seen in this place.
 G = Mean time per level.
                   A        B        C        D        E       F      G
               +--------+--------+--------+--------+--------+-----+--------+
         Total |  12413 |  11742 |    671 |   3724 |   6242 |  13 |  954.8 |
       Dungeon |  12342 |  11682 |    660 |   3724 |   6187 |  12 | 1028.5 |
        Temple |     71 |     60 |     11 |      0 |     55 |   1 |   71.0 |
               +--------+--------+--------+--------+--------+-----+--------+

Top non-repeatable levels by time:
     D:5: 2138 daAuts
     D:4: 1714 daAuts
     D:9: 1690 daAuts
     D:6: 1602 daAuts
    D:10: 1453 daAuts
     D:3: 1400 daAuts
     D:2: 877 daAuts
     D:1: 783 daAuts
    D:11: 533 daAuts
     D:7: 121 daAuts
  Temple: 71 daAuts
     D:8: 17 daAuts
    D:12: 9 daAuts
